 Dungeon Crawl Stone Soup version 0.28-a0-390-gb254ac4902 (webtiles) character file.

Game seed: 2837595473419279576

282 robertstho the Magician (level 6, 0/43 HPs)
             Began as a Djinni Fire Elementalist on Sept 3, 2021.
             Slain by a gnoll (3 damage)
             ... while paralysed by Ijyb
             ... on level 3 of the Dungeon.
             The game lasted 00:04:57 (4333 turns).

robertstho the Magician (Djinni Fire Elementalist)  Turns: 4333, Time: 00:04:58

Health: 0/43       AC:  2    Str:  7    XL:     6   Next: 53%
Gold:   81         EV:  2    Int: 19    God:
                   SH:  0    Dex: 13

rFire   + + .      SeeInvis +   e - +0 short sword
rCold   x . .      Faith    .   i - +0 buckler
rNeg    . . .      Spirit   .   a - +0 robe
rPois   ∞          Reflect  .   (no helmet)
rElec   .          Harm     .   (no cloak)
rCorr   .          Rampage  .   (no gloves)
Will    .....                   (boots unavailable)
Stlth   ++........              (no amulet)
HPRegen 0.14/turn               h - ring of see invisible
MPRegen 0.00/turn               (no ring)

@: paralysed, flying
A: sickness immunity, fire resistance 2, cold vulnerability 1, float, innate
caster, hp casting, extra vitality 1
a: no special abilities


You were on level 3 of the Dungeon.
You visited 1 branch of the dungeon, and saw 3 of its levels.

You collected 81 gold pieces.

Inventory:

Hand Weapons
 e - a +0 short sword (weapon)
Armour
 a - a +0 robe (worn)
 i - a +0 buckler (worn)
Jewellery
 h - a ring of see invisible (left hand)
 k - a ring of ice
Scrolls
 c - a scroll of teleportation
 d - a scroll of blinking {unknown}
 f - a scroll of magic mapping
 g - 2 scrolls of enchant armour
 m - a scroll of enchant weapon {unknown}
Potions
 b - a potion of resistance {unknown}
 j - a potion of flight {unknown}
 l - a potion of curing {unknown}


   Skills:
 * Level 2.0 Fighting
 + Level 2.5 Dodging
 + Level 2.0 Stealth
 * Level 4.7 Spellcasting


You couldn't memorise any spells.
You knew the following spells:

 Your Spells              Type           Power      Damage    Failure   Level
a - Foxfire               Conj/Fire      88%        2x1d8     3%          1
b - Scorch                Fire           44%        2d7       4%          2
c - Conjure Flame         Conj/Fire      22%        6-21      9%          3
d - Inner Flame           Hex/Fire       22%        N/A       9%          3
e - Flame Wave            Conj/Fire      22%        3d6       30%         4
f - Summon Small Mammal   Summ           88%        N/A       3%          1
g - Call Imp              Summ           22%        N/A       4%          2
Your spell library was empty.

Dungeon Overview and Level Annotations

Branches:
Dungeon (3/15)

Altars:

Annotations:
D:3 Ijyb


Innate Abilities, Weirdness & Mutations

You are immune to sickness and miasma.
You are immune to poison.
Your flesh is very heat resistant. (rF++)
You are vulnerable to cold. (rC-)
You float through the air rather than walking.
You learn spells naturally, not from books.
Your magical power is your life essence.
You have superior vitality. (+4 HP)


Message History

The rat bites you.
Casting: Scorch (safe; 4% risk of failure)
Confirm with . or Enter, or press ? or * to list all spells.
Flames lash the rat.
The rat is burned terribly!
You kill the rat!
Casting: Scorch (safe; 4% risk of failure)
Confirm with . or Enter, or press ? or * to list all spells.
Flames lash Ijyb.
Ijyb is lightly wounded.
Ijyb's fire resistance burns away.
Ijyb zaps a wand.
You suddenly lose the ability to move!
Ijyb is no longer more vulnerable to fire.
Ijyb hits you with a +0 club!
Ijyb zaps a wand.
You resist with some effort.
You can move again.
Casting: Scorch (safe; 4% risk of failure)
Confirm with . or Enter, or press ? or * to list all spells.
Flames lash Ijyb.
Ijyb is heavily wounded.
Ijyb's fire resistance burns away.
Ijyb zaps a wand.
You resist with some effort. The gnoll barely misses you.
Unknown command.
Casting: Scorch (safe; 4% risk of failure)
Confirm with . or Enter, or press ? or * to list all spells.
Flames lash the gnoll.
The gnoll is heavily wounded.
The gnoll's fire resistance burns away.
Ijyb zaps a wand.
You suddenly lose the ability to move!
The gnoll hits you from afar with a +0 spear.
Ijyb hits you with a +0 club.
The gnoll hits you from afar with a +0 spear.
* * * LOW HITPOINT WARNING * * *
Ijyb hits you with a +0 club.
* * * LOW HITPOINT WARNING * * *
The gnoll hits you from afar with a +0 spear.
* * * LOW HITPOINT WARNING * * *
Ijyb hits you with a +0 club.
* * * LOW HITPOINT WARNING * * *
The gnoll hits you from afar with a +0 spear.
You die...

#..####........#####.#.########.#
##.#...........#####.......(.....
##.###...........................
g..##.....)....###.#########.....
#..##.......<..###.# ####.#
##.....#####.....#.# #.# #.#...#
#####...## #.# #.....#
#....######## #.# #...##...
#@##....)...####.. ..#.##.###
#g#########...###. ....##.#


gg. ###..##. .....#.# ..>.. ##.##. ..## ....... #..#. ......... ##...
..........# ##.. #..........# ### # You could see Ijyb (inflammable) and 2
gnolls.

Vanquished Creatures
  Sigmund (D:3)
  A gnoll (D:3)
  3 adders
  2 worms
  3 dart slugs
  2 orcs (D:3)
  5 bats
  5 endoplasms
  6 goblins
  6 hobgoblins
  2 jackals (D:3)
  2 quokkas (D:1)
  7 ball pythons
  3 frilled lizards
  7 kobolds
  10 rats
65 creatures vanquished.

Vanquished Creatures (others)
  231 foxfires
231 creatures vanquished.

Grand Total: 296 creatures vanquished

Notes
Turn   | Place    | Note
-------+----------+-------------------------------------------
     0 | D:1      | robertstho the Djinni Fire Elementalist began the quest for
                  | the Orb.
     0 | D:1      | Reached XP level 1. HP: 15/15 MP: 0/0
   381 | D:1      | Reached XP level 2. HP: 18/21 MP: 0/0
   886 | D:1      | Reached skill level 3 in Spellcasting
   970 | D:1      | Reached XP level 3. HP: 25/26 MP: 0/0
   970 | D:1      | Learned a level 1 spell: Summon Small Mammal
  1799 | D:1      | Found a faded altar of an unknown god.
  2738 | D:2      | Reached skill level 1 in Fighting
  2738 | D:2      | Reached XP level 4. HP: 8/32 MP: 0/0
  3547 | D:3      | Noticed Sigmund
  3560 | D:3      | Killed Sigmund
  3561 | D:3      | Reached skill level 4 in Spellcasting
  3561 | D:3      | Reached XP level 5. HP: 24/38 MP: 0/0
  3561 | D:3      | Learned a level 2 spell: Call Imp
  3561 | D:3      | Reached XP level 6. HP: 27/43 MP: 0/0
  4320 | D:3      | Noticed Ijyb
  4325 | D:3      | Paralysed by Ijyb for 4 turns
  4330 | D:3      | Paralysed by Ijyb for 4 turns
  4333 | D:3      | Slain by a gnoll

Illustrated notes

Levels and vault maps discovered:
D:1:      dpeg_arrival_tiny_j, layout_loops_corners,
          hellmonk_ecumenical_altar_prayer_group
D:2:      layout_loops_corners
D:3:      layout_rooms, mainiacjoe_overflow_small_starburst, uniq_ijyb,
          uniq_sigmund

Skill      XL: |  1  2  3  4 |
---------------+-------------+-----
Spellcasting   | 3 4 |  4.7
Fighting       | 1 2 |  2.0
Stealth        | 2 |  2.0
Dodging        | |  2.5

Action                   |  1- 3 |  4- 6 || total
-------------------------+-------+-------++-------
Melee: Short sword       |     1 |       ||     1
 Cast: Foxfire           |   111 |    41 ||   152
       Scorch            |       |    24 ||    24
  Use: Scroll            |     3 |     1 ||     4
Armor: Robe              |     2 |     1 ||     3
Dodge: Dodged            |    12 |     5 ||    17
Block: Buckler           |       |     3 ||     3

Table legend: (Time is in decaauts)
 A = Elapsed time spent in this place.
 B = Non-inter-level travel time spent in this place.
 C = Inter-level travel time spent in this place.
 D = Time resting spent in this place.
 E = Time spent auto-exploring this place.
 F = Levels seen in this place.
 G = Mean time per level.
                   A        B        C        D        E       F      G
               +--------+--------+--------+--------+--------+-----+--------+
         Total |   4334 |   4150 |    184 |    386 |   3313 |   3 | 1444.7 |
       Dungeon |   4334 |   4150 |    184 |    386 |   3313 |   3 | 1444.7 |
               +--------+--------+--------+--------+--------+-----+--------+

Top non-repeatable levels by time:
     D:1: 2134 daAuts
     D:2: 1589 daAuts
     D:3: 610 daAuts
